 Dungeon Crawl Stone Soup version 0.21.1-1-g345015f (webtiles) character file.

68 solstalker the Ducker (level 4, -1/33 HPs)
             Began as a Demonspawn Gladiator on Apr 20, 2018.
             Was an Initiate of Wu Jian.
             Slain by an ogre
             ... wielding a +0 giant spiked club
              (16 damage)
             ... on level 2 of the Dungeon.
             The game lasted 00:17:05 (1970 turns).

solstalker the Ducker (Demonspawn Gladiator)        Turns: 1970, Time: 00:17:06

Health: -1/33      AC: 12    Str: 15    XL:     4   Next: 1%
Magic:  13/13      EV:  7    Int:  9    God:    Wu Jian [......]
Gold:   69         SH:  0    Dex: 15    Spells: 3/3 levels left

rFire    . . .     SeeInvis .   o - +4 short sword (drain)
rCold    . . .     Gourm    .   (no shield)
rNeg     . . .     Faith    .   g - +0 chain mail {i}
rPois    .         Spirit   .   (helmet restricted)
rElec    .         Reflect  .   (no cloak)
rCorr    .         Harm     .   j - +0 pair of gloves
MR       .....                  (no boots)
Stlth    ..........             (no amulet)
HPRegen  0.11/turn              i - +1 ring of protection {i}
MPRegen  0.13/turn              l - ring of magical power

@: hasted, very quick
A: horns 1, thin metallic scales 1
a: Renounce Religion


You were on level 2 of the Dungeon.
You worshipped Wu Jian.
Wu Jian was noncommittal.
You were not hungry.

You visited 1 branch of the dungeon, and saw 3 of its levels.

You collected 69 gold pieces.

Inventory:

Hand Weapons
 a - a +0 trident
 o - a +4 short sword of draining (weapon)
 r - a +0 short sword
 x - a +0 club
 y - a +0 hunting sling
Missiles
 d - 3 throwing nets
 k - 39 arrows
 q - 72 stones (quivered)
Armour
 b - a +0 leather armour
 c - a +0 helmet
 e - a +0 robe
 g - a +0 chain mail (worn) {i}
 j - a +0 pair of gloves (worn)
 u - a +0 pair of gloves
 w - a +0 leather armour
Jewellery
 i - a +1 ring of protection (left hand) {i}
 l - a ring of magical power (right hand)
Potions
 h - 2 potions of flight
 m - a potion of mutation
Comestibles
 f - 2 rations


   Skills:
 + Level 2.3 Fighting
 * Level 0.5 Short Blades
 - Level 3.3 Polearms
 + Level 2.0 Throwing
 + Level 0.8 Armour
 + Level 3.4 Dodging


You had 3 spell levels left.
You didn't know any spells.

Dungeon Overview and Level Annotations

Branches:
Dungeon (3/15)

Altars:
Gozag
Sif Muna
Wu Jian


Innate Abilities, Weirdness & Mutations

You have a pair of small horns on your head.
You are partially covered in thin metallic scales. (AC +2)


Message History

There is a stone staircase leading down here.
You climb downwards.
The ogre closely misses you.
There is a stone staircase leading up here.
You closely miss the ogre. You hit the ogre.
The ogre is lightly wounded.
The ogre hits you with a giant spiked club!
Ouch! That really hurt!
The kobold hits you but does no damage.
You climb upwards.
There is a stone staircase leading down here.
You puncture the kobold!
You kill the kobold!
The Council accepts your kill.
You have reached level 4!
You feel agile.
Your demonic ancestry asserts itself...
A pair of horns grows on your head!
Your +0 helmet falls away!
The ogre hits you with a giant spiked club!
You die...

#####
#.#.........#
#.###'#######
############.###.#
.............?.#.#
############.#<#.#
..#.......##.#.#.#
#.#.#####.##.#.#.#
#.#.#
#.##.#.#O########
..#.#
#.##.#.#@?......#
###.#
#.##.#.########.#
#.# #.##.#.# #.#
#.# #.##.#.# #.#
#.# #.##.#.# #.#
###.#
#.##.#.########.#
....#
#....#..........#
#####
###############.#
###


You could see an ogre.

Vanquished Creatures
  An adder (D:2)
  A worm (D:2)
  2 dart slugs (D:1)
  A leopard gecko (D:1)
  4 giant cockroaches
  5 goblins
  7 hobgoblins
  2 jackals (D:3)
  9 kobolds
  5 bats
  3 frilled lizards
  8 rats
48 creatures vanquished.

Notes
Turn   | Place    | Note
-------+----------+-------------------------------------------
     0 | D:1      | solstalker the Demonspawn Gladiator began the quest for the Orb.
     0 | D:1      | Reached XP level 1. HP: 16/16 MP: 1/1
   131 | D:1      | Gained mutation: You are partially covered in thin metallic scales. (AC +2) [demonic ancestry]
   131 | D:1      | Reached XP level 2. HP: 22/22 MP: 2/2
   862 | D:2      | Reached XP level 3. HP: 26/27 MP: 3/3
  1109 | D:2      | Found an ornate altar of the Wu Jian Council.
  1124 | D:2      | Became a worshipper of the Wu Jian Council
  1340 | D:2      | Found an opulent altar of Gozag.
  1342 | D:2      | Found a deep blue altar of Sif Muna.
  1723 | D:3      | Noticed an ogre
  1970 | D:2      | Gained mutation: You have a pair of small horns on your head. [demonic ancestry]
  1970 | D:2      | Reached XP level 4. HP: 15/33 MP: 4/4
  1970 | D:2      | Slain by an ogre

Skill      XL: |  1  2  3 |
---------------+----------+-----
Dodging        | 3 |  3.4
Polearms       | 3 |  3.3
Throwing       | 2 |  2.0
Fighting       | |  2.3
Short Blades   | |  0.5
Armour         | |  0.8

Action                   |  1- 3 |  4- 6 || total
-------------------------+-------+-------++-------
Melee: Trident           |   110 |       ||   110
       Short sword       |    54 |       ||    54
Throw: Stone             |     9 |       ||     9
Invok: Lunge             |     9 |       ||     9
  Use: Scroll            |    10 |       ||    10
       Potion            |     2 |       ||     2
  Eat: Chunk             |     2 |       ||     2
       Ration            |     1 |       ||     1
Armor: Chain mail        |    87 |       ||    87
Dodge: Dodged            |    62 |       ||    62
